 Dungeon Crawl Stone Soup version 0.20.0-15-g7f486f2 (webtiles) character file.

77 Chiseanne the Grasshopper (level 4, 0/23 HPs)
             Began as a Spriggan Warper on June 25, 2017.
             Slain by a wyvern (9 damage)
             ... on level 3 of the Dungeon.
             The game lasted 00:04:22 (1803 turns).

Chiseanne the Grasshopper (Spriggan Warper)         Turns: 1803, Time: 00:04:23

Health: 0/23       AC:  3    Str:  7    XL:     4   Next: 14%
Magic:  10/10      EV: 19    Int: 15    God:
Gold:   74         SH:  0    Dex: 15    Spells: 3/10 levels left

rFire    . . .     SeeInvis +   a - +3 dagger (venom)
rCold    . . .     Gourm    .   (shield restricted)
rNeg     . . .     Faith    .   b - +0 robe
rPois    +         Spirit   .   (helmet restricted)
rElec    .         Reflect  .   t - +0 cloak (curse)
rCorr    .         Harm     .   (gloves unavailable)
MR       .....                  (boots unavailable)
Stlth    ++........             r - amulet of regeneration
Regen    0.5/turn               q - ring of poison resistance
MPRegen  0.2/turn               (no ring)

@: very quick
A: unfitting armour, see invisible, herbivore 3, speed 3, slow metabolism 2
a: no special abilities


You were on level 3 of the Dungeon.
You were not hungry.

You visited 1 branch of the dungeon, and saw 3 of its levels.

You collected 74 gold pieces.

Inventory:

Hand Weapons
 a - a +3 dagger of venom (weapon)
Missiles
 e - 5 tomahawks of dispersal (quivered)
 i - 3 needles of confusion
 k - 109 stones
 n - 46 sling bullets
 o - 23 arrows
 u - 18 bolts
Armour
 b - a +0 robe (worn)
 t - a cursed +0 cloak (worn)
Jewellery
 l - an uncursed amulet of faith
 q - a ring of poison resistance (left hand)
 r - an amulet of regeneration (around neck)
Scrolls
 d - a scroll of blinking
Potions
 h - a potion of brilliance
 j - a potion of haste {unknown}
 m - a potion of curing {unknown}
Books
 c - a book of Spatial Translocations

   Spells                             Type                      Level
   a - Blink                          Translocation                2
   b - Shroud of Golubria             Charms/Translocation         2
   c - Lesser Beckoning               Translocation                3
   d - Gell's Gravitas                Translocation                3
   e - Teleport Other                 Translocation                3
   f - Passage of Golubria            Translocation                4
Comestibles
 f - 2 bread rations
 p - a royal jelly


   Skills:
 * Level 2.2 Fighting
 - Level 2.1 Short Blades
 - Level 1.0 Throwing
 * Level 4.3 Dodging
 * Level 2.9 Stealth
 * Level 3.7 Spellcasting
 - Level 4.4 Translocations


You had 3 spell levels left.
You knew the following spells:

 Your Spells              Type           Power        Failure   Level  Hunger
a - Blink                 Tloc           N/A          4%          2    ##.....
b - Shroud of Golubria    Chrm/Tloc      #.........   12%         2    ##.....
c - Teleport Other        Tloc           ###.....     9%          3    ###....


Dungeon Overview and Level Annotations

Branches:
Dungeon (3/15)

Altars:


Innate Abilities, Weirdness & Mutations

You are very small and have problems with some larger weapons.
You are too small for most types of armour.
You have supernaturally acute eyesight. (SInv)
You are a herbivore.
You cover ground extremely quickly.
You need consume almost no food.


Message History

You hit the hobgoblin.
The hobgoblin is poisoned.
The hobgoblin is severely wounded.
You kill the hobgoblin!
You hit the jackal but do no damage.
The jackal is poisoned.
The jackal bites you.
You barely miss the jackal. The jackal completely misses you.
The jackal misses you.
You closely miss the jackal.
The jackal is heavily wounded.
The jackal bites you but does no damage.
A worm comes into view.
You kill the jackal!
You see here a jackal corpse.
There is a stone staircase leading up here.
You climb upwards.
There is a stone staircase leading down here.
You climb downwards.
The wyvern bites you!
Ouch! That really hurt!
The wyvern bites you!
You die...

### ##### #@#
#.#.# #l#
#...#
#.#######.#.#
#....l....#l#
###########†#
#.# #)# # #.#
..g #.#


You could see a wyvern.

Vanquished Creatures
  An adder (D:2)
  3 dart slugs
  A giant cockroach (D:1)
  10 goblins
  9 hobgoblins
  7 jackals
  7 kobolds
  2 ball pythons (D:2)
  5 bats
  5 frilled lizards
  6 rats
56 creatures vanquished.

Notes
Turn   | Place    | Note
-------+----------+-------------------------------------------
     0 | D:1      | Chiseanne the Spriggan Warper began the quest for the Orb.
     0 | D:1      | Reached XP level 1. HP: 10/10 MP: 5/5
   142 | D:1      | Reached XP level 2. HP: 15/15 MP: 6/6
   212 | D:1      | Reached skill level 1 in Stealth
   447 | D:1      | Reached XP level 3. HP: 17/18 MP: 8/8
   797 | D:1      | Learned a level 2 spell: Blink
   800 | D:1      | Learned a level 2 spell: Shroud of Golubria
   804 | D:1      | Learned a level 3 spell: Teleport Other
  1685 | D:2      | Reached XP level 4. HP: 21/23 MP: 10/10
  1779 | D:3      | Noticed a wyvern
  1803 | D:3      | Slain by a wyvern

Skill      XL: |  1  2  3 |
---------------+----------+-----
Spellcasting   | 3 |  3.7
Stealth        | 2 |  2.9
Fighting       | 2 |  2.2
Dodging        | 4 |  4.3
Short Blades   | |  2.1
Throwing       | |  1.0
Translocations | |  4.4

Action                   |  1- 3 |  4- 6 || total
-------------------------+-------+-------++-------
Melee: Short sword       |    35 |       ||    35
       Dagger            |    97 |    19 ||   116
  Use: Scroll            |     4 |     5 ||     9
 Stab: Sleeping          |    12 |       ||    12
       Distracted        |     1 |       ||     1
Armor: Robe              |    14 |     1 ||    15
Dodge: Dodged            |    98 |    10 ||   108
